 Dungeon Crawl Stone Soup version 0.29.0-11-gd7f09526c8 (webtiles) character file.

Game seed: 15636902944478124731

4 ILmort the Shooter (level 1, 0/12 HPs)
             Began as a Gargoyle Hunter on Sept 6, 2022.
             Slain by a ball python (1 damage)
             ... on level 1 of the Dungeon.
             The game lasted 00:00:30 (150 turns).

ILmort the Shooter (Gargoyle Hunter)                 Turns: 150, Time: 00:00:31

Health: 0/12       AC:  5    Str: 14    XL:     1   Next: 60%
Magic:  1/1        EV:  8    Int:  9    God:
Gold:   0          SH:  0    Dex: 13    Spells: 0/0 levels left

rFire   . . .      SeeInvis .   a - +0 shortbow
rCold   . . .      Faith    .   (shield currently unavailable)
rNeg    + . .      Spirit   .   c - +0 leather armour
rPois   ∞          Reflect  .   (no helmet)
rElec   +          Harm     .   (no cloak)
rCorr   +          Rampage  .   (no gloves)
Will    .....                   (no boots)
Stlth   +.........              (no amulet)
HPRegen 0.04/turn               d - ring of resist corrosion
MPRegen 0.07/turn               (no ring)

@: constricted
A: sickness immunity, AC +2, negative energy resistance 1, electricity
resistance, torment resistance 1, petrification resistance
a: no special abilities


You were on level 1 of the Dungeon.
You visited 1 branch of the dungeon, and saw 1 of its levels.

Inventory:

Hand Weapons
 a - a +0 shortbow (weapon)
Armour
 c - a +0 leather armour (worn)
Jewellery
 d - a ring of resist corrosion (left hand)
Scrolls
 b - a scroll of immolation


   Skills:
 - Level 2.1 Fighting
 + Level 4.2 Ranged Weapons
 - Level 1.5 Dodging
 - Level 1.1 Stealth


You couldn't memorise any spells.
You didn't know any spells.
Your spell library was empty.

Dungeon Overview and Level Annotations

Branches:
Dungeon (1/15)

Altars:


Innate Abilities, Weirdness & Mutations

You are immune to sickness and miasma.
Your stone body is resilient. (AC +2)
You are immune to poison.
You resist negative energy. (rN+)
You are resistant to electric shocks. (rElec)
You are resistant to unholy torment.
You are immune to petrification.


Message History

You kill the ball python!
A ball python comes into view.
You shoot an arrow. The arrow hits the ball python.
You shoot an arrow.
The arrow completely misses the ball python.
The ball python bites you but does no damage.
The ball python closely misses you.
You shoot an arrow.
The arrow barely misses the ball python.
The ball python bites you but does no damage.
The ball python grabs you. The ball python constricts you.
You shoot an arrow.
The arrow closely misses the ball python.
The ball python bites you but does no damage.
The ball python constricts you. The ball python bites you.
The ball python constricts you.
You are too injured to fight recklessly!
You are too injured to fight recklessly!
Really attack while wielding your +0 shortbow?
You clumsily bash the ball python but do no damage.
The ball python bites you. The ball python constricts you.
The ball python closely misses you. The ball python constricts you.
The ball python bites you but does no damage.
You closely miss the ball python. The ball python bites you.
* * * LOW HITPOINT WARNING * * *
The ball python bites you but does no damage.
The ball python constricts you.
* * * LOW HITPOINT WARNING * * *
The ball python bites you but does no damage. x2
The ball python constricts you.
You barely miss the ball python.
The ball python bites you but does no damage. x2
The ball python constricts you.
You closely miss the ball python.
The ball python bites you but does no damage.
The ball python constricts you.
* * * LOW HITPOINT WARNING * * *
The ball python bites you but does no damage.
The ball python bites you.
You die...

..## ##..## ...## ##..#
†.. ....## ##.## ..# #
.....## #..# ..# ..
......####.## ..##.
#......###..# ....
##......###.# ..#
##......##.#####S.#####
##......#.#...@S......
##.......###.#.####..
##..<...........#
##.......###.#.#.#
##......#.# #.#.....
##......##.# #.#...##.
##......###.# ......# .
#......###..# #.....#
......####.## #... ..


You could see 2 ball pythons.

Vanquished Creatures
  A ball python (D:1)
  A goblin (D:1)
  2 rats (D:1)
4 creatures vanquished.

Notes
Turn   | Place    | Note
-------+----------+-------------------------------------------
     0 | D:1      | ILmort the Gargoyle Hunter began the quest for the Orb.
     0 | D:1      | Reached XP level 1. HP: 12/12 MP: 1/1
   150 | D:1      | Slain by a ball python

Illustrated notes

Levels and vault maps discovered:
D:1:      dpeg_arrival_central, layout_loops_corners,
          shapermc_ecumenical_altar_mp_vishouse, minivault_19,
          minmay_tetromino_o2

Action                   || total
-------------------------++-------
Melee: Shortbow          ||     4
 Fire: Shortbow          ||    12
Armor: Leather armour    ||    11
Dodge: Dodged            ||     2
